 Dungeon Crawl Stone Soup version 0.24-b1-44-g37ad8b309f (webtiles) character file.

Game seed: 11192825821012169316, levelgen mode: deterministic

61 GordonOverkill the Ducker (level 3, -3/31 HPs)
             Began as a Minotaur Fire Elementalist on Oct 23, 2019.
             Was an Initiate of Trog.
             Slain by a sky beast (6 damage)
             ... on level 2 of the Dungeon.
             The game lasted 00:07:09 (2773 turns).

GordonOverkill the Ducker (MiFE)                    Turns: 2773, Time: 00:07:10

Health: -3/31      AC:  8    Str: 13    XL:     3   Next: 83%
Magic:  13/13      EV:  9    Int: 12    God:    Trog [......]
Gold:   90         SH:  0    Dex: 10    Spells: 3/4 levels left

rFire    . . .     SeeInvis .   l - +0 war axe
rCold    . . .     Gourm    .   (no shield)
rNeg     . . .     Faith    .   q - +0 scale mail
rPois    .         Spirit   .   (helmet restricted)
rElec    .         Reflect  .   n - +0 cloak
rCorr    .         Harm     .   (no gloves)
MR       .....                  p - +0 pair of boots
Stlth    ..........             (no amulet)
HPRegen  0.10/turn              f - ring of wizardry
MPRegen  0.13/turn              h - ring of magical power

@: no status effects
A: retaliatory headbutt, horns 2
a: Renounce Religion


You were on level 2 of the Dungeon.
You worshipped Trog.
Trog was noncommittal.
You were hungry.

You visited 1 branch of the dungeon, and saw 3 of its levels.

You collected 90 gold pieces.

Inventory:

Hand Weapons
 i - a +0 spear
 l - a +0 war axe (weapon)
Missiles
 g - 76 stones
 j - 6 javelins (quivered)
Armour
 n - a +0 cloak (worn)
 p - a +0 pair of boots (worn)
 q - a +0 scale mail (worn)
Jewellery
 f - a ring of wizardry (left hand)
 h - a ring of magical power (right hand)
Scrolls
 a - a scroll of fear {unknown}
 b - 3 scrolls of identify {unknown}
 d - 2 scrolls of immolation {unknown}
 m - a scroll of enchant weapon {unknown}
Potions
 e - a potion of degeneration {unknown}
 o - a potion of resistance {unknown}
Comestibles
 c - 7 rations


   Skills:
 + Level 3.0 Fighting
 + Level 1.3 Axes
 - Level 0.2 Throwing
 - Level 3.0 Dodging
 - Level 1.5 Stealth
 - Level 0.5 Unarmed Combat
 - Level 1.3 Spellcasting
 - Level 0.6 Conjurations
 - Level 2.1 Fire Magic


You had 3 spell levels left.
You knew the following spells:

 Your Spells              Type           Power        Failure   Level  Hunger
a - Flame Tongue          Conj/Fire      #....        32%         1    ##.....

Your spell library contained the following spells:

 Spells                   Type           Power        Failure   Level  Hunger
 Throw Flame              Conj/Fire      #.....       43%         2    ###....
 Conjure Flame            Conj/Fire      #.......     65%         3    ####...
 Inner Flame              Hex/Fire       #.......     69%         3    ####...
 Sticky Flame             Conj/Fire      #.......     96%         4    #####..
 Fireball                 Conj/Fire      #.........   100%        5    ######.


Dungeon Overview and Level Annotations

Branches:
Dungeon (3/15)

Altars:
Cheibriados
Dithmenos
Fedhas
Qazlal
Ru
Trog
Vehumet

Annotations:
D:2 exclusion: adder


Innate Abilities, Weirdness & Mutations

You reflexively headbutt those who attack you in melee.
You have a pair of horns on your head.


Message History

The sky beast is moderately wounded.
The sky beast closely misses you.
You closely miss the sky beast. You headbutt the sky beast.
The sky beast is heavily wounded.
The sky beast hits you but does no damage. x2
You barely miss the sky beast.
The sky beast is moderately wounded.
The sky beast hits you. The sky beast shocks you.
You hit the sky beast.
The sky beast is heavily wounded.
The sky beast hits you. The sky beast shocks you. The sky beast hits you.
* * * LOW HITPOINT WARNING * * *
The sky beast shocks you.
* * * LOW HITPOINT WARNING * * *
You slash the sky beast!
The sky beast is almost dead.
The sky beast hits you.
* * * LOW HITPOINT WARNING * * *
The sky beast shocks you.
You die...

#≈≈≈≈##
#≈≈≈≈#######
#≈≈≈≈......#
#≈≈≈≈#####.###
##≈≈≈≈≈#.......
####.≈≈≈≈≈..##.###
#....#≈≈≈≈####.#
#.####≈≈≈≈..(..#
#@# #≈≈≈≈≈##### #
#Y####≈≈≈≈≈##### #
#...###≈≈≈≈....# #
###.# #≈≈≈≈≈...# #
####.###≈≈≈≈≈...###
#......88≈≈≈≈≈88...
#.##...............
#.##...............
#.#....88≈≈≈≈≈88..#


You could see a sky beast.

Vanquished Creatures
  A worm (D:3)
  A dart slug (D:1)
  A leopard gecko (D:1)
  2 orcs (D:3)
  2 ball pythons
  4 giant cockroaches
  6 goblins
  5 hobgoblins
  4 jackals (D:1)
  8 kobolds
  3 bats
  3 frilled lizards
  8 rats
48 creatures vanquished.

Notes
Turn   | Place    | Note
-------+----------+-------------------------------------------
     0 | D:1      | GordonOverkill the Minotaur Fire Elementalist began the
                  | quest for the Orb.
     0 | D:1      | Reached XP level 1. HP: 14/14 MP: 1/1
   143 | D:1      | Reached skill level 1 in Fighting
   360 | D:1      | Reached XP level 2. HP: 23/23 MP: 0/3
  1232 | D:1      | Reached XP level 3. HP: 30/30 MP: 4/4
  1696 | D:2      | Found a blossoming altar of Fedhas.
  1850 | D:2      | Found a stormy altar of Qazlal.
  1852 | D:2      | Found a snail-covered altar of Cheibriados.
  1852 | D:2      | Found a shadowy altar of Dithmenos.
  1852 | D:2      | Found a bloodstained altar of Trog.
  1854 | D:2      | Found a radiant altar of Vehumet.
  1854 | D:2      | Found a sacrificial altar of Ru.
  1870 | D:2      | Became a worshipper of Trog the Wrathful
  2487 | D:3      | Reached skill level 1 in Axes
  2490 | D:3      | Noticed a sky beast
  2773 | D:2      | Slain by a sky beast

Skill      XL: |  1  2  3 |
---------------+----------+-----
Fighting       | 1 2 3 |  3.0
Dodging        | 3 |  3.0
Axes           | 1 |  1.3
Throwing       | |  0.2
Stealth        | |  1.5
Unarmed Combat | |  0.5
Spellcasting   | |  1.3
Conjurations   | |  0.6
Fire Magic     | |  2.1

Action                   || total
-------------------------++-------
Melee: Unarmed           ||    39
       Headbutt          ||    13
       Dagger            ||    33
       Club              ||     8
       War axe           ||    42
       Spear             ||     9
Throw: Javelin           ||     5
       Stone             ||     3
 Cast: Flame Tongue      ||    12
  Eat: Chunk             ||     6
Armor: Robe              ||    18
       Scale mail        ||    12
       Leather armour    ||     7
Dodge: Dodged            ||    80
